 Dungeon Crawl Stone Soup version 0.22.0-49-gab54619 (webtiles) character file.

100 Loudmushroom the Shield-Bearer (level 4, 0/29 HPs)
             Began as a Gargoyle Fighter on Sept 5, 2018.
             Slain by an orc
             ... wielding a +0 dagger
              (2 damage)
             ... on level 2 of the Dungeon.
             The game lasted 00:07:33 (1508 turns).

Loudmushroom the Shield-Bearer (Gargoyle Fighter)   Turns: 1508, Time: 00:07:34

Health: 0/29       AC: 10    Str: 21    XL:     4   Next: 73%
Magic:  4/4        EV:  7    Int:  8    God:
Gold:   139        SH:  9    Dex:  9    Spells: 3/3 levels left

rFire    . . .     SeeInvis .   a - +0 war axe
rCold    . . .     Gourm    .   c - +0 shield
rNeg     + . .     Faith    .   m - +0 scale mail
rPois    ∞         Spirit   .   (no helmet)
rElec    +         Reflect  .   i - scarf {repulsion}
rCorr    .         Harm     .   (no gloves)
MR       .....                  (no boots)
Stlth    ..........             (no amulet)
HPRegen  0.09/turn              (no ring)
MPRegen  0.09/turn              (no ring)

@: repel missiles
A: negative energy resistance 1, electricity resistance, unbreathing,
petrification resistance, rot immunity, AC +3
a: no special abilities


You were on level 2 of the Dungeon.
You were not hungry.

You visited 1 branch of the dungeon, and saw 2 of its levels.

You collected 139 gold pieces.

Inventory:

Hand Weapons
 a - a +0 war axe (weapon)
 b - a +0 hunting sling
Missiles
 g - 7 tomahawks (quivered)
 h - 60 stones
 j - 39 bolts
Armour
 c - a +0 shield (worn)
 i - a scarf of repulsion (worn)
 m - a +0 scale mail (worn)
Jewellery
 n - an uncursed ring of poison resistance {unknown}
Scrolls
 e - 3 scrolls of identify {unknown}
 k - a scroll of teleportation {unknown}
Potions
 d - a potion of might
 l - 3 potions of heal wounds {unknown}
 o - a potion of haste {unknown}
Comestibles
 f - 5 rations
 p - 4 chunks of flesh


   Skills:
 + Level 3.8 Fighting
 * Level 3.1 Axes
 + Level 3.9 Armour
 + Level 3.9 Shields


You had 3 spell levels left.
You didn't know any spells.
Your spell library was empty.

Dungeon Overview and Level Annotations

Branches:
Dungeon (2/15)

Altars:
Xom


Innate Abilities, Weirdness & Mutations

You are resistant to torment.
Your stone body is resilient. (AC +3)
You are immune to poison.
You resist negative energy. (rN+)
You are resistant to electric shocks. (rElec)
You can survive without breathing.
You are immune to petrification.
You are immune to rotting.


Message History

The orc is severely wounded.
The orc hits you but does no damage.
You hit the orc.
You kill the orc!
You slash the orc priest!
The orc priest is severely wounded.
The orc priest invokes the aid of Beogh against you.
Beogh smites you!
* * * LOW HITPOINT WARNING * * *
You barely miss the orc priest.
The orc priest is severely wounded.
An orc comes into view. It is wielding a dagger.
The orc priest looks encouraged for a moment.
The orc priest hits you with a flail.
* * * LOW HITPOINT WARNING * * *
You hit the orc priest.
You kill the orc priest!
Your Axes skill increases to level 3!
The orc hits you with a dagger.
You die...

#..........#
#<......#
#.......>..#
#########
#####.##'###
#.##.# #.##.#
#########.##.#
#.........##.#
#.#######.##.#
#.# #.##@#
###.##########o#
#.........# #.#
#.#.#####.# ...
#.#.# #.# #?#
#.#.#####.# #.#
#.#...)...# #.#
#.######### #.#
#.#


You could see an orc.

Vanquished Creatures
  An orc priest (D:2)
  2 adders (D:2)
  3 worms (D:2)
  2 dart slugs (D:1)
  A leopard gecko (D:1)
  An orc (D:2)
  5 giant cockroaches
  3 goblins
  6 hobgoblins
  A quokka (D:2)
  3 bats (D:2)
  3 frilled lizards
  2 kobolds (D:1)
  5 rats
38 creatures vanquished.

Notes
Turn   | Place    | Note
-------+----------+-------------------------------------------
     0 | D:1      | Loudmushroom the Gargoyle Fighter began the quest for the
                  | Orb.
     0 | D:1      | Reached XP level 1. HP: 14/14 MP: 1/1
   171 | D:1      | Reached XP level 2. HP: 19/19 MP: 2/2
   521 | D:1      | Reached XP level 3. HP: 23/23 MP: 3/3
  1191 | D:2      | Reached XP level 4. HP: 18/29 MP: 4/4
  1404 | D:2      | Found a shimmering altar of Xom.
  1406 | D:2      | Found a shimmering altar of Xom.
  1415 | D:2      | Found a shimmering altar of Xom.
  1415 | D:2      | Found a shimmering altar of Xom.
  1416 | D:2      | Found a shimmering altar of Xom.
  1508 | D:2      | Slain by an orc

Skill      XL: |  1  2  3  4 |
---------------+-------------+-----
Axes           | 2 3 |  3.1
Fighting       | |  3.8
Armour         | |  3.9
Shields        | |  3.9

Action                   |  1- 3 |  4- 6 || total
-------------------------+-------+-------++-------
Melee: War axe           |   113 |    18 ||   131
  Eat: Chunk             |     1 |     1 ||     2
Armor: Scale mail        |    54 |    11 ||    65
Dodge: Dodged            |    33 |     3 ||    36
Block: Shield            |    68 |     3 ||    71
